Map: Colonisation EC

Players

FishKiller - Winner!

  • Race: Zerg Zerg
  • League: Master

Heofox

  • Race: Protoss Protoss

VOD

Have the link to the VOD?

Description

Time

  • Played on: April 20, 2016, 1:34 p.m.
  • Length: 7:55
Show
View Real Time Build Order
Export as new Build Order

FishKiller Zerg - Winner!

Build Orders: Hatch First 

Get SALT Encoding   

  12  0:01  Drone  
  13  0:12  Overlord  
  13  0:18  Drone  
  14  0:31  Drone x2  
  14  0:35  Drone  
  17  0:52  Hatchery  
  17  0:55  Drone  
  17  0:59  Drone  
  18  1:12  Spawning Pool  
  18  1:13  Extractor  
  18  1:16  Drone  
  17  1:20  Drone  
  18  1:28  Drone  
  19  1:39  Overlord  
  19  1:55  Drone  
  19  1:58  Queen  
  22  2:01  Zergling x2  
  22  2:05  Queen  
  22  2:08  Drone  
  26  2:11  Drone  
  26  2:15  Metabolic Boost  
  27  2:19  Drone  
  28  2:25  Drone  
  28  2:26  Overlord  
  29  2:33  Drone  
  29  2:37  Evolution Chamber  
  29  2:40  Drone  
  30  2:51  Zergling x4  
  30  2:57  Zergling x2  
  32  2:58  Drone  
  32  3:02  Zerg Melee Weapons Level 1  
  33  3:09  Drone x5  
  38  3:18  Drone x3  
  41  3:23  Baneling Nest  
  40  3:28  Hatchery  
  39  3:43  Drone  
  39  3:44  Drone x2  
  39  3:47  Lair  
  42  3:58  Zergling x4  
  41  4:14  Zergling x4  
  41  4:15  Overlord x2  
  41  4:16  Extractor  
  42  4:20  Zergling x2  
  42  4:23  Spine Crawler  
  42  4:24  Spine Crawler  
  42  4:28  Drone x2  
  42  4:30  Overlord x2  
  43  4:33  Queen  
  45  4:42  Zergling x8  
  45  4:44  Drone x3, Queen  
  54  5:01  Roach Warren  
  54  5:04  Drone x3  
  54  5:06  Zerg Melee Weapons Level 2, Extractor  
  55  5:17  Baneling  
  55  5:21  Spine Crawler  
  55  5:26  Overlord x2  
  55  5:28  Drone x7  
  61  5:30  Baneling  
  61  5:31  Baneling  
  61  5:49  Drone  
  63  5:50  Drone x2  
  63  5:54  Drone x2  
  63  5:56  Drone x2  
  68  6:01  Zergling x12  
  68  6:03  Baneling  
  68  6:04  Baneling x4  
  73  6:05  Baneling  
  73  6:13  Overlord x2, Zergling x4  
  75  6:21  Overlord x2  
  75  6:22  Zergling x2  
  75  6:23  Zergling x8  
  79  6:40  Zergling x6  
  79  6:41  Zergling x10  
  81  6:48  Hatchery  
  81  6:52  Pneumatized Carapace  
  70  7:04  Drone x9  
  75  7:15  Hydralisk Den  
  75  7:17  Infestation Pit  
  73  7:23  Drone x4  
  73  7:28  Zergling x4  
  73  7:29  Zergling x2  
  80  7:47  Extractor  
  80  7:48  Extractor  
Show
View Real Time Build Order
Export as new Build Order

Heofox Protoss 

Build Orders: 1 Gate Expand 

Get SALT Encoding   

  12  0:00  Probe (Chrono Boost)  
  13  0:11  Probe (Chrono Boost)  
  14  0:18  Pylon  
  14  0:22  Probe (Chrono Boost)  
  15  0:37  Probe (Chrono Boost)  
  15  0:38  Gateway  
  16  0:47  Assimilator, Probe (Chrono Boost)  
  17  0:58  Probe (Chrono Boost)  
  18  1:08  Probe (Chrono Boost)  
  19  1:19  Probe (Chrono Boost)  
  20  1:28  Nexus  
  20  1:34  Probe (Chrono Boost)  
  21  1:44  Cybernetics Core  
  21  1:47  Probe (Chrono Boost)  
  22  1:56  Pylon  
  22  1:59  Probe (Chrono Boost)  
  23  2:01  Assimilator  
  23  2:14  Probe (Chrono Boost)  
  24  2:20  Adept  
  24  2:21  Warp Gate  
  26  2:25  Mothership Core (Chrono Boost)  
  28  2:40  Probe (Chrono Boost)  
  28  2:43  Probe (Chrono Boost)  
  30  2:50  Probe (Chrono Boost)  
  31  2:54  Probe (Chrono Boost)  
  32  3:01  Probe (Chrono Boost)  
  32  3:04  Probe (Chrono Boost)  
  34  3:11  Probe (Chrono Boost)  
  35  3:13  Twilight Council  
  35  3:15  Probe (Chrono Boost)  
  36  3:22  Probe (Chrono Boost)  
  36  3:25  Probe (Chrono Boost)  
  38  3:31  Gateway  
  38  3:34  Gateway  
  38  3:37  Pylon  
  38  3:38  Probe x2 (Chrono Boost)  
  40  3:42  Adept  
  40  3:50  Pylon  
  40  3:53  Resonating Glaives (Chrono Boost)  
  40  3:55  Probe (Chrono Boost)  
  40  3:56  Probe  
  40  3:57  Assimilator  
  38  4:11  Probe  
  38  4:12  Probe  
  40  4:20  Robotics Facility  
  40  4:21  Probe  
  40  4:23  Pylon  
  41  4:24  Probe  
  41  4:28  Adept x2  
  46  4:32  Probe  
  46  4:34  Adept  
  46  4:36  Probe  
  50  4:41  Pylon  
  50  4:42  Probe  
  51  4:48  Probe  
  52  4:53  Probe  
  52  4:56  Adept x3  
  59  5:01  Probe  
  59  5:03  Probe  
  59  5:04  Gateway  
  59  5:06  Gateway  
  61  5:17  Warp Prism, Stalker x3  
  69  5:32  Robotics Bay  
  69  5:39  Forge  
  69  5:41  Pylon, Probe (Chrono Boost)  
  71  5:43  Probe (Chrono Boost)  
  71  5:49  Stalker x2  
  75  5:50  Stalker  
  75  5:55  Observer  
  78  6:24  Probe (Chrono Boost)  
  80  6:25  Probe (Chrono Boost)  
  80  6:27  Adept x3  
  86  6:44  Pylon  
  86  6:46  Pylon  
  84  6:50  Assimilator  
  84  6:51  Assimilator  
  74  7:08  Stalker x4  
  56  7:09  Stalker  
  69  7:35  Sentry x3  
Tags
 
Add a new tag
Caveats
  • Supply blocks, unpowered buildings, or Contaminate may cause inaccurate times.
  • Supply counts are checked every 10 seconds.